 Dungeon Crawl Stone Soup version 0.29.0-4-gdea44cf6ec (webtiles) character file.

Game seed: 10452484683679166258

19273 qw the Protected (level 12, -4/70 HPs)
             Began as a Tengu Warper on Aug 28, 2022.
             Was a High Priest of Okawaru.
             Slain by a snapping turtle (14 damage)
             ... on level 3 of the Lair of Beasts.
             The game lasted 00:01:40 (16598 turns).

qw the Protected (Tengu Warper)                    Turns: 16598, Time: 00:01:40

Health: -4/70      AC: 22    Str: 16    XL:     12   Next: 67%
Magic:  19/19      EV:  8    Int: 12    God:    Okawaru [*****.]
Gold:   985        SH:  5    Dex: 17    Spells: 15/15 levels left

rFire   . . .      SeeInvis .   Y - +1 war axe (chaos)
rCold   + . .      Faith    .   g - +0 buckler
rNeg    . . .      Spirit   .   e - +0 plate armour
rPois   .          Reflect  .   n - +1 hat {Stlth+}
rElec   .          Harm     .   o - +0 cloak
rCorr   .          Rampage  .   d - +2 pair of gloves {Dex+3}
Will    .....      Clarity  +   (boots unavailable)
Stlth   ..........              p - amulet of the acrobat
HPRegen 0.21/turn               f - +4 ring of slaying {mikee}
MPRegen 0.16/turn               b - ring of protection from cold

@: flying quickly and evasively, quick
A: beak, talons 3, nimble flight, antennae 1, clarity, dopey 1, wild magic 1
a: Renounce Religion, Heroism, Finesse, Duel


You were on level 3 of the Lair of Beasts.
You worshipped Okawaru.
Okawaru was extremely pleased with you.
You visited 3 branches of the dungeon, and saw 14 of its levels.
You also visited: Sewer.

You collected 985 gold pieces.


Innate Abilities, Weirdness & Mutations

You have a beak for a mouth.
You have claws for feet.
Your magical nature lets you fly swiftly and evasively.
You have a pair of small antennae on your head.
You possess an exceptional clarity of mind.
You are dopey. (Int -2)
Your spells are a little harder to cast, but a little more powerful.


   Skills:
 - Level 6.0 Fighting
 + Level 13.3 Axes
 - Level 3.8 Throwing
 - Level 13.5 Armour
 - Level 4.0 Dodging
 - Level 4.0 Shields
 - Level 2.0 Spellcasting
 - Level 2.4 Translocations
 + Level 8.4 Invocations


You had 15 spell levels left.
You didn't know any spells.
Your spell library contained the following spells:

 Spells                   Type           Power      Damage    Failure   Level
 Blink                    Tloc           18%        N/A       99%         2
 Gell's Gravitas          Tloc           9%         N/A       100%        3
 Lesser Beckoning         Tloc           9%         N/A       100%        3
 Teleport Other           Tloc           9%         N/A       100%        3
 Manifold Assault         Tloc           9%         N/A       100%        5

Inventory:

Hand Weapons
 a - a +0 flail
 Y - a +1 war axe of chaos (weapon)
Missiles
 i - a silver boomerang
 l - 4 javelins (quivered)
 q - 6 boomerangs
 r - a boomerang of dispersal
Armour
 d - a +2 pair of gloves of dexterity (worn)
 e - a +0 plate armour (worn)
 g - a +0 buckler (worn)
 n - a +1 hat of stealth (worn)
 o - a +0 cloak (worn)
Jewellery
 b - a ring of protection from cold (right hand)
 f - a +4 ring of slaying (left hand) {mikee}
 k - a ring of resist corrosion
 p - an amulet of the acrobat (around neck)
 x - an amulet of regeneration
Scrolls
 c - a scroll of identify
 u - 2 scrolls of teleportation
Potions
 h - 4 potions of haste
 j - 4 potions of mutation
 m - 2 potions of might
 s - a potion of magic
 t - a potion of heal wounds
 v - 2 potions of cancellation
 z - 2 potions of curing

Dungeon Overview and Level Annotations

Branches:
Dungeon (10/15)            Temple (1/1) D:7            Lair (3/5) D:10
 Shoals (0/4) Lair:3       Spider (0/4) Lair:2          Orc (0/2) D:9
  Sewer (visited)

Altars:
Ashenzari
Cheibriados
Dithmenos
Elyvilon
Fedhas
Gozag
Hepliaklqana
Kikubaaqudgha
Makhleb
Nemelex Xobeh
Okawaru
Qazlal
Ru
Sif Muna
Trog
Uskayaw
Vehumet
Wu Jian
Xom
Yredelemnul
Zin
The Shining One

Shops:
D:10 [:(

Annotations:
D:5 1 runed translucent door, Crazy Yiuf


Message History

You completely miss the wyvern. You claw the wyvern! You peck the wyvern.
The wyvern is heavily wounded.
The wyvern bites you but does no damage.
You block the snapping turtle's attack.
You hit the wyvern.
The wyvern is poisoned.
The wyvern is severely wounded.
The wyvern bites you!
The snapping turtle bites you but does no damage.
The wyvern hisses menacingly.
The wyvern barely misses you.
You slash the wyvern!
You kill the wyvern!
Okawaru accepts your kill.
The snapping turtle completely misses you.
The snapping turtle completely misses you.
You slash the snapping turtle!
The snapping turtle flickers and vanishes!
Deactivating autopickup; reactivate with Ctrl-A.
You claw something. Your peck misses something. Something bites you!
You hit something but do no damage. Lightning courses through something!
Your kick misses something. Something bites you!
You hit something. You freeze something. You claw something.
Something bites you.
You slash something! You claw something! You completely miss something.
You claw something. Something bites you.
You hit something. You freeze something. You claw something.
Something bites you but does no damage.
You completely miss something. You claw something. You closely miss something.
Something bites you but does no damage.
You barely miss something. Something bites you but does no damage.
You hit something. Your kick misses something. Something bites you!
Something bites you but does no damage.
You barely miss something. You claw something. Something bites you!
You die...

....¤..¤..#..###### ..##.......
.........##..#### #.##.......
..##....##...~~~~### ##.#........
..#........~~~~~~~~# #...........
..........~~~~~~~~~#####...##....
.........~~~#####~~~####...##....
.........~~##...##~~........#....
........P~~#.....#~~..P#...##....
.........~~#..>{@'....##...#.....
........#~~#.....#~~P###...##....
..P......~~##...##~~~# ..........
.........~~~#####~~~## ....##....
##......##~~~~ ~~~~.. ....#.....
###......~#~~ ~~~~....##....#....
P##.....##.# ~~#.....# ........
........#..##.#......## ........
.............. ........


There were no monsters in sight!

Vanquished Creatures
  Gastronok (D:8)
  A hydra (Lair:3)
  A lindwurm (Lair:1)
  An oklob plant (D:10)
  A cyclops (D:7)
  A black mamba (Lair:3)
  4 cane toads
  A gargoyle (D:10)
  A torpor snail (Lair:1)
  Joseph (D:8)
  Maggie (D:8)
  2 rime drakes
  A kobold demonologist (D:10)
  2 komodo dragons (Lair:1)
  3 trolls
  5 blink frogs (Lair:3)
  2 culicivoras (Lair:2)
  7 wyverns
  2 wraiths
  A shadow (D:9)
  24 yaks
  A steam dragon (D:7)
  Grum (D:9)
  5 water moccasins
  Duvessa (D:7)
  An ice beast (D:7)
  A black bear (Lair:1)
  2 ogres
  3 orc warriors
  2 sky beasts (D:7)
  2 wolves (D:8)
  3 centaurs
  A phantom (D:5)
  6 kobold brigands
  9 bullfrogs
  A gnoll sergeant (D:7)
  2 scorpions
  6 killer bees (D:8)
  Dowan (D:7)
  An electric eel (Lair:3)
  A lava snake (Lair:3)
  3 gnoll boudas
  7 orc priests
  5 hounds
  2 jellies
  Jessica (D:2)
  Terence (D:2)
  An iguana (D:5)
  12 orc wizards
  Robin (D:2)
  14 gnolls
  7 adders
  2 shadow imps
  2 white imps
  2 ufetubi
  4 worms
  56 orcs
  6 endoplasms
  5 giant cockroaches
  12 goblins
  5 hobgoblins
  6 jackals
  2 quokkas
  9 ball pythons
  7 bats
  7 frilled lizards
  20 kobolds
  13 rats
325 creatures vanquished.

Vanquished Creatures (others)
  2 demonic plants (D:6)
  12 fungi
  34 plants
48 creatures vanquished.

Grand Total: 373 creatures vanquished

Notes
Turn   | Place    | Note
-------+----------+-------------------------------------------
     0 | D:1      | qw the Tengu Warper began the quest for the Orb.
     0 | D:1      | Reached XP level 1. HP: 12/12 MP: 4/4
     0 | D:1      | 0 ||| qw: Version: 0.1-a-89-g26bdef1
     0 | D:1      | 0 ||| qw: Game counter: 3026
     0 | D:1      | 0 ||| qw: Always use a shield: true
     0 | D:1      | 0 ||| qw: God list: Okawaru
     0 | D:1      | 0 ||| qw: Allow faded altars: false
     0 | D:1      | 0 ||| qw: Do Orc after D:15 true
     0 | D:1      | 0 ||| qw: Do second Lair branch before Depths: true
     0 | D:1      | 0 ||| qw: Lair rune preference: random
     0 | D:1      | 0 ||| qw: Plans: Normal
     0 | D:1      | 0 ||| PLANNING D:1-11
    26 | D:1      | 26 ||| Stepping ~*~*~tactically~*~*~ (stealth).
    28 | D:1      | 28 ||| Stepping ~*~*~tactically~*~*~ (stealth).
   216 | D:1      | Reached XP level 2. HP: 17/17 MP: 6/6
   221 | D:1      | Reached skill level 3 in Axes
   334 | D:1      | 334 ||| DROPPING +0 club.
   448 | D:1      | 448 ||| Stepping ~*~*~tactically~*~*~ (stealth).
   456 | D:1      | 456 ||| Stepping ~*~*~tactically~*~*~ (stealth).
   968 | D:1      | Found a faded altar of an unknown god.
  1027 | D:1      | Reached XP level 3. HP: 21/21 MP: 7/7
  1086 | D:1      | 1086 ||| UPGRADING to +0 scale mail.
  1096 | D:1      | 1096 ||| DROPPING +0 leather armour.
  1097 | D:1      | 1097 ||| UPGRADING to +4 ring of slaying {mikee}.
  1098 | D:1      | 1098 ||| READING scroll labelled ILOCAT CO DUIR.
  1102 | D:1      | 1102 ||| READING scroll labelled DENIKHALOCK.
  1103 | D:1      | 1103 ||| READING scroll labelled NISHRU RUELO.
  1204 | D:1      | 1204 ||| READING scroll labelled IHOORAAPLO.
  1205 | D:1      | 1205 ||| DROPPING scroll of blinking.
  1231 | D:2      | 1231 ||| STAIRDANCE
  1325 | D:2      | 1325 ||| DROPPING +0 whip.
  1427 | D:2      | Noticed Robin
  1428 | D:2      | 1428 ||| Stepping ~*~*~tactically~*~*~ (hiding).
  1429 | D:2      | Noticed Jessica
  1440 | D:2      | Killed Robin
  1441 | D:2      | Reached XP level 4. HP: 8/26 MP: 8/8
  1443 | D:2      | Killed Jessica
  1738 | D:2      | Noticed Terence
  1740 | D:2      | Killed Terence
  1964 | D:2      | Gained mutation: Your magical nature lets you fly swiftly
                  | and evasively. [Tengu growth]
  1964 | D:2      | Reached XP level 5. HP: 30/30 MP: 9/9
  2336 | D:2      | Found a burning altar of Makhleb.
  2405 | D:2      | 2405 ||| UPGRADING to +0 plate armour.
  2415 | D:2      | 2415 ||| DROPPING +0 scale mail.
  2416 | D:2      | 2416 ||| READING 2 scrolls of identify.
  2416 | D:2      | 2416 ||| IDENTIFYING dark potion
  2417 | D:2      | 2417 ||| DROPPING potion of brilliance.
  3200 | D:3      | 3200 ||| Stepping ~*~*~tactically~*~*~ (stealth).
  3202 | D:3      | 3202 ||| Stepping ~*~*~tactically~*~*~ (hiding).
  3212 | D:3      | Reached skill level 6 in Axes
  3314 | D:3      | 3314 ||| UPGRADING to ring of protection from cold.
  3315 | D:3      | 3315 ||| DRINKING 2 fuming blue potions.
  3316 | D:3      | 3316 ||| DRINKING 2 blue potions.
  3344 | D:4      | 3344 ||| PLANNING SEWER
  3410 | D:4      | Found a glowing drain.
  3411 | D:4      | 3411 ||| UPGRADING to +0 buckler.
  3416 | D:4      | 3416 ||| READING 3 scrolls of identify.
  3416 | D:4      | 3416 ||| IDENTIFYING viscous clear potion
  3417 | D:4      | 3417 ||| READING 2 scrolls of identify.
  3417 | D:4      | 3417 ||| IDENTIFYING pink potion
  3418 | D:4      | 3418 ||| DROPPING potion of lignification.
  3419 | D:4      | 3419 ||| DROPPING potion of attraction.
  3426 | D:4      | 3426 ||| READING scroll of teleportation.
  3443 | D:4      | Reached skill level 1 in Shields
  3443 | D:4      | Reached XP level 6. HP: 27/35 MP: 10/10
  3471 | D:4      | 3471 ||| FLEEEEING.
  3480 | D:4      | 3480 ||| STAIRDANCE
  3588 | Sewer    | Entered a sewer
  4006 | Sewer    | 4006 ||| READING scroll labelled HAQ DAYSUARO.
  4007 | Sewer    | 4007 ||| DRINKING 2 grey potions.
  4008 | Sewer    | 4008 ||| DROPPING potion of magic.
  4009 | Sewer    | 4009 ||| Stepping randomly (stuck).
  4010 | Sewer    | 4010 ||| Stepping ~*~*~tactically~*~*~ (cloud).
  4214 | D:4      | 4214 ||| PLANNING D:1-11
  4312 | D:4      | Found a white marble altar of Elyvilon.
  4574 | D:4      | 4574 ||| UPGRADING to +0 cloak.
  4579 | D:4      | 4579 ||| UPGRADING to amulet of the acrobat.
  4584 | D:4      | 4584 ||| READING scroll labelled NUATEO ABIE.
  4585 | D:4      | 4585 ||| READING 2 scrolls of identify.
  4585 | D:4      | 4585 ||| IDENTIFYING lumpy golden potion
  4600 | D:5      | Entered Level 5 of the Dungeon
  4602 | D:5      | 4602 ||| STAIRDANCE
  4608 | D:4      | Reached XP level 7. HP: 37/40 MP: 11/11
  4645 | D:5      | Reached skill level 3 in Armour
  4664 | D:5      | Reached skill level 3 in Fighting
  4727 | D:5      | 4727 ||| Stepping ~*~*~tactically~*~*~ (hiding).
  4737 | D:5      | 4737 ||| Stepping ~*~*~tactically~*~*~ (stealth).
  4751 | D:5      | 4751 ||| SWAPPING to +0 hand axe of electrocution.
  4752 | D:5      | 4752 ||| DROPPING +0 hand axe.
  4805 | D:5      | 4805 ||| DRINKING potion of curing.
  4805 | D:5      | 4805 ||| (to cure confusion)
  5068 | D:5      | Found a runed translucent door.
  5069 | D:5      | Noticed Crazy Yiuf
  5483 | D:5      | 5483 ||| UPGRADING to +1 pair of gloves of infusion.
  5488 | D:5      | 5488 ||| READING scroll labelled YNIOMA SIDUYGO.
  5631 | D:5      | 5631 ||| READING scroll labelled CASHRO ULOCWAIF.
  5632 | D:5      | 5632 ||| READING scroll labelled IHIUPH IBESHREM.
  5633 | D:5      | 5633 ||| READING 2 scrolls of identify.
  5633 | D:5      | 5633 ||| IDENTIFYING smoky inky potion
  5634 | D:5      | 5634 ||| DRINKING potion of experience.
  5634 | D:5      | Reached XP level 8. HP: 46/46 MP: 12/12
  5694 | D:6      | 5694 ||| Stepping ~*~*~tactically~*~*~ (stealth).
  5765 | D:6      | 5765 ||| Stepping ~*~*~tactically~*~*~ (stealth).
  5767 | D:6      | 5767 ||| Stepping ~*~*~tactically~*~*~ (stealth).
  5774 | D:6      | Reached XP level 9. HP: 51/51 MP: 10/13
  5840 | D:6      | 5840 ||| Stepping ~*~*~tactically~*~*~ (stealth).
  5847 | D:6      | 5847 ||| Stepping ~*~*~tactically~*~*~ (stealth).
  6009 | D:6      | 6009 ||| Stepping ~*~*~tactically~*~*~ (stealth).
  6012 | D:6      | 6012 ||| Stepping ~*~*~tactically~*~*~ (stealth).
  6068 | D:6      | 6068 ||| SWAPPING to +0 war axe.
  6069 | D:6      | 6069 ||| DROPPING +0 hand axe of electrocution.
  6423 | D:6      | 6423 ||| Stepping ~*~*~tactically~*~*~ (hiding).
  6658 | D:6      | 6658 ||| DROPPING ring of wizardry.
  6659 | D:6      | 6659 ||| READING scroll labelled GOTHRO EZXYATUSHONK.
  6660 | D:6      | 6660 ||| READING scroll labelled WEMIAM AMOPHO.
  6661 | D:6      | 6661 ||| DRINKING 2 puce potions.
  6661 | D:6      | Gained mutation: You possess an exceptional clarity of
                  | mind. [potion of mutation]
  6661 | D:6      | Gained mutation: You are dopey. (Int -2) [potion of
                  | mutation]
  6661 | D:6      | Gained mutation: You have a pair of small antennae on your
                  | head. [potion of mutation]
  6661 | D:6      | Gained mutation: Your spells are a little harder to cast,
                  | but a little more powerful. [potion of mutation]
  6662 | D:6      | 6662 ||| DRINKING 2 ruby potions.
  6663 | D:6      | 6663 ||| READING 2 scrolls of identify.
  6663 | D:6      | 6663 ||| IDENTIFYING murky grey potion
  6664 | D:6      | 6664 ||| DROPPING potion of degeneration.
  6698 | D:7      | 6698 ||| SWAPPING to +1 war axe of venom.
  6699 | D:7      | 6699 ||| DROPPING +0 war axe.
  6725 | D:7      | Noticed a troll
  6726 | D:7      | 6726 ||| FLEEEEING.
  6727 | D:7      | 6727 ||| FLEEEEING.
  6728 | D:7      | 6728 ||| FLEEEEING.
  6729 | D:7      | 6729 ||| FLEEEEING.
  6730 | D:7      | 6730 ||| FLEEEEING.
  6731 | D:7      | 6731 ||| FLEEEEING.
  6734 | D:7      | 6734 ||| STAIRDANCE
  6808 | D:7      | 6808 ||| STAIRDANCE
  6813 | D:6      | Killed a troll
  6814 | D:6      | Reached skill level 9 in Axes
  6836 | D:7      | 6836 ||| STAIRDANCE
  6912 | D:7      | Found a staircase to the Ecumenical Temple.
  6913 | D:7      | 6913 ||| PLANNING TEMPLE
  6941 | D:7      | HP: 8/52 [orc warrior/+0 glaive (6)]
  6942 | D:7      | 6942 ||| READING scroll of teleportation.
  6943 | D:7      | 6943 ||| DRINKING 3 potions of heal wounds.
  7127 | Temple   | Entered the Ecumenical Temple
  7161 | Temple   | Became a worshipper of Warmaster Okawaru
  7288 | Temple   | 7288 ||| PLANNING D:1-11
  7362 | D:7      | 7362 ||| Stepping ~*~*~tactically~*~*~ (hiding).
  7364 | D:7      | 7364 ||| Stepping ~*~*~tactically~*~*~ (stealth).
  7365 | D:7      | 7365 ||| Stepping ~*~*~tactically~*~*~ (stealth).
  7366 | D:7      | 7366 ||| Stepping ~*~*~tactically~*~*~ (hiding).
  7367 | D:7      | 7367 ||| Stepping ~*~*~tactically~*~*~ (hiding).
  7376 | D:7      | 7376 ||| Stepping ~*~*~tactically~*~*~ (hiding).
  7378 | D:7      | 7378 ||| Stepping ~*~*~tactically~*~*~ (hiding).
  7411 | D:7      | 7411 ||| FLEEEEING.
  7412 | D:7      | 7412 ||| FLEEEEING.
  7413 | D:7      | 7413 ||| FLEEEEING.
  7414 | D:7      | 7414 ||| FLEEEEING.
  7415 | D:7      | 7415 ||| FLEEEEING.
  7536 | D:7      | 7536 ||| Stepping ~*~*~tactically~*~*~ (hiding).
  7538 | D:7      | 7538 ||| Stepping ~*~*~tactically~*~*~ (hiding).
  7545 | D:7      | 7545 ||| Stepping ~*~*~tactically~*~*~ (cloud).
  7546 | D:7      | 7546 ||| Stepping ~*~*~tactically~*~*~ (cloud).
  7556 | D:7      | Noticed Duvessa
  7557 | D:7      | 7557 ||| FLEEEEING.
  7558 | D:7      | 7558 ||| FLEEEEING.
  7559 | D:7      | 7559 ||| FLEEEEING.
  7560 | D:7      | 7560 ||| FLEEEEING.
  7561 | D:7      | 7561 ||| FLEEEEING.
  7562 | D:7      | 7562 ||| FLEEEEING.
  7563 | D:7      | 7563 ||| FLEEEEING.
  7564 | D:7      | 7564 ||| FLEEEEING.
  7565 | D:7      | 7565 ||| FLEEEEING.
  7566 | D:7      | 7566 ||| FLEEEEING.
  7567 | D:7      | 7567 ||| FLEEEEING.
  7572 | D:7      | 7572 ||| FLEEEEING.
  7573 | D:7      | 7573 ||| FLEEEEING.
  7574 | D:7      | 7574 ||| FLEEEEING.
  7575 | D:7      | 7575 ||| FLEEEEING.
  7576 | D:7      | 7576 ||| STAIRDANCE
  7723 | D:6      | 7723 ||| DROPPING +6 ring of intelligence.
  7724 | D:6      | 7724 ||| READING scroll labelled EGGUIS CUTAUNT.
  7731 | D:7      | Killed Duvessa
  7780 | D:7      | Noticed Dowan
  7789 | D:7      | Killed Dowan
  7829 | D:7      | Reached * piety under Okawaru
  7830 | D:7      | Reached skill level 3 in Shields
  7830 | D:7      | Reached XP level 10. HP: 57/57 MP: 11/14
  8032 | D:7      | 8032 ||| READING 2 scrolls of identify.
  8032 | D:7      | 8032 ||| IDENTIFYING viscous green potion
  8033 | D:7      | 8033 ||| DROPPING potion of berserk rage.
  8057 | D:8      | Found a sacrificial altar of Ru.
  8084 | D:8      | Noticed a cyclops
  8085 | D:8      | 8085 ||| INVOKING Heroism.
  8086 | D:8      | 8086 ||| INVOKING Heroism.
  8090 | D:8      | 8090 ||| FLEEEEING.
  8091 | D:8      | 8091 ||| FLEEEEING.
  8094 | D:8      | 8094 ||| FLEEEEING.
  8095 | D:8      | 8095 ||| FLEEEEING.
  8096 | D:8      | 8096 ||| FLEEEEING.
  8096 | D:8      | HP: 9/57 [cyclops/large rock (15)]
  8097 | D:8      | 8097 ||| FLEEEEING.
  8098 | D:8      | 8098 ||| FLEEEEING.
  8099 | D:8      | 8099 ||| FLEEEEING.
  8100 | D:8      | 8100 ||| FLEEEEING.
  8105 | D:8      | 8105 ||| STAIRDANCE
  8351 | D:8      | 8351 ||| STAIRDANCE
  8351 | D:8      | HP: 14/57 [cyclops/large rock (5)]
  8575 | D:8      | Noticed Joseph
  8576 | D:8      | 8576 ||| STAIRDANCE
  8578 | D:7      | HP: 6/57 [cyclops (20)]
  8579 | D:7      | 8579 ||| DRINKING 2 potions of heal wounds.
  8581 | D:7      | Killed a cyclops
  8582 | D:7      | 8582 ||| INVOKING Heroism.
  8755 | D:8      | Killed Joseph
  8756 | D:8      | Reached skill level 1 in Invocations
  8757 | D:8      | Noticed Maggie
  8765 | D:8      | 8765 ||| INVOKING Heroism.
  8766 | D:8      | Killed Maggie
  9009 | D:8      | 9009 ||| Stepping ~*~*~tactically~*~*~ (hiding).
  9034 | D:8      | 9034 ||| Stepping ~*~*~tactically~*~*~ (stealth).
  9035 | D:8      | 9035 ||| Stepping ~*~*~tactically~*~*~ (stealth).
  9057 | D:8      | 9057 ||| Stepping ~*~*~tactically~*~*~ (hiding).
  9059 | D:8      | 9059 ||| Stepping ~*~*~tactically~*~*~ (hiding).
  9060 | D:8      | 9060 ||| Stepping ~*~*~tactically~*~*~ (hiding).
  9062 | D:8      | 9062 ||| INVOKING Heroism.
  9197 | D:8      | 9197 ||| INVOKING Heroism.
  9216 | D:8      | Reached ** piety under Okawaru
  9216 | D:8      | HP: 8/59 [orc priest/divine providence (15)]
  9217 | D:8      | 9217 ||| DRINKING potion of heal wounds.
  9647 | D:8      | 9647 ||| Stepping ~*~*~tactically~*~*~ (hiding).
  9648 | D:8      | 9648 ||| Stepping ~*~*~tactically~*~*~ (hiding).
  9887 | D:8      | Noticed Gastronok
  9888 | D:8      | 9888 ||| INVOKING Heroism.
  9907 | D:8      | Killed Gastronok
  9907 | D:8      | Reached *** piety under Okawaru
  9908 | D:8      | Reached skill level 3 in Invocations
 10191 | D:8      | 10191 ||| UPGRADING to +2 pair of gloves of dexterity.
 10201 | D:8      | 10201 ||| DROPPING +1 pair of gloves of infusion.
 10202 | D:8      | 10202 ||| UPGRADING to +1 hat of stealth.
 10230 | D:9      | 10230 ||| STAIRDANCE
 10299 | D:9      | Noticed Grum
 10300 | D:9      | 10300 ||| STAIRDANCE
 10306 | D:8      | Reached XP level 11. HP: 63/63 MP: 15/15
 10308 | D:9      | 10308 ||| STAIRDANCE
 10315 | D:9      | 10315 ||| INVOKING Heroism.
 10320 | D:9      | Killed Grum
 10321 | D:9      | Reached skill level 3 in Dodging
 10442 | D:9      | 10442 ||| READING 2 scrolls of brand weapon.
 10442 | D:9      | 10442 ||| BRANDING +1 war axe of freezing.
 10443 | D:9      | 10443 ||| READING scroll of brand weapon.
 10443 | D:9      | 10443 ||| BRANDING +1 war axe of venom.
 10499 | D:9      | 10499 ||| Stepping ~*~*~tactically~*~*~ (hiding).
 10502 | D:9      | 10502 ||| Stepping ~*~*~tactically~*~*~ (hiding).
 10661 | D:9      | 10661 ||| Stepping ~*~*~tactically~*~*~ (hiding).
 10707 | D:9      | 10707 ||| Stepping ~*~*~tactically~*~*~ (stealth).
 10731 | D:9      | 10731 ||| Stepping ~*~*~tactically~*~*~ (stealth).
 10733 | D:9      | 10733 ||| Stepping ~*~*~tactically~*~*~ (stealth).
 10737 | D:9      | 10737 ||| INVOKING Heroism.
 10766 | D:9      | 10766 ||| INVOKING Heroism.
 10789 | D:9      | Found a staircase to the Orcish Mines.
 10934 | D:9      | Reached **** piety under Okawaru
 11054 | D:9      | Found an ornate altar of the Wu Jian Council.
 11055 | D:9      | 11055 ||| INVOKING Heroism.
 11193 | D:10     | Entered Level 10 of the Dungeon
 11194 | D:10     | 11194 ||| INVOKING Heroism.
 11195 | D:10     | 11195 ||| STAIRDANCE
 11203 | D:9      | Reached skill level 12 in Axes
 11250 | D:10     | 11250 ||| STAIRDANCE
 11256 | D:9      | 11256 ||| INVOKING Heroism.
 11452 | D:10     | 11452 ||| STAIRDANCE
 11551 | D:10     | 11551 ||| Stepping ~*~*~tactically~*~*~ (hiding).
 11597 | D:10     | 11597 ||| FLEEEEING.
 11598 | D:10     | 11598 ||| FLEEEEING.
 11605 | D:10     | 11605 ||| STAIRDANCE
 11638 | D:10     | 11638 ||| Stepping ~*~*~tactically~*~*~ (hiding).
 11640 | D:10     | 11640 ||| Stepping ~*~*~tactically~*~*~ (hiding).
 11644 | D:10     | 11644 ||| Stepping ~*~*~tactically~*~*~ (hiding).
 11805 | D:10     | Found Fefoptou's Weapon Shop.
 11822 | D:10     | Found Jorihoas's Book Shoppe.
 11823 | D:10     | Found a shadowy altar of Dithmenos.
 11882 | D:10     | Found Kauqaef's Antique Armour Shop.
 11889 | D:10     | 11889 ||| SHOPLISTING heavily runed plate armour (784 gold,
                  | have 771).
 11891 | D:10     | Noticed an oklob plant
 11892 | D:10     | 11892 ||| INVOKING Heroism.
 11894 | D:10     | Found a staircase to the Lair.
 11904 | D:10     | Killed an oklob plant
 11905 | D:10     | Reached skill level 6 in Fighting
 12106 | D:10     | Found an ancient bone altar of Kikubaaqudgha.
 12129 | D:10     | 12129 ||| Stepping ~*~*~tactically~*~*~ (stealth).
 12131 | D:10     | 12131 ||| Stepping ~*~*~tactically~*~*~ (hiding).
 12138 | D:10     | 12138 ||| INVOKING Heroism.
 12154 | D:10     | 12154 ||| INVOKING Heroism.
 12268 | D:10     | Found a broken altar of Ashenzari.
 12326 | D:10     | 12326 ||| INVOKING Heroism.
 12606 | D:10     | Identified the +6 falchion of Cheibriados's Delight
                  | {freeze, rF+ Str+2 Stlth-}
 12737 | D:10     | 12737 ||| PLANNING LAIR
 12737 | D:10     | 12737 ||| READING 3 scrolls labelled CASIER XUAPS.
 12738 | D:10     | 12738 ||| DRINKING 3 sapphire potions.
 12739 | D:10     | 12739 ||| READING 2 scrolls of identify.
 12739 | D:10     | 12739 ||| IDENTIFYING bubbling cyan potion
 12740 | D:10     | 12740 ||| DROPPING potion of invisibility.
 12741 | D:10     | 12741 ||| DROPPING 2 potions of flight.
 12742 | D:10     | 12742 ||| DROPPING 2 scrolls of amnesia.
 12763 | Lair:1   | Entered Level 1 of the Lair of Beasts
 12791 | Lair:1   | Noticed a lindwurm
 12792 | Lair:1   | 12792 ||| INVOKING Heroism.
 12796 | Lair:1   | HP: 15/64 [lindwurm/blast of flame (24)]
 12797 | Lair:1   | 12797 ||| READING scroll of teleportation.
 12798 | Lair:1   | 12798 ||| DRINKING 2 potions of heal wounds.
 12859 | Lair:1   | 12859 ||| INVOKING Heroism.
 13005 | Lair:1   | 13005 ||| Stepping ~*~*~tactically~*~*~ (stealth).
 13039 | Lair:1   | 13039 ||| INVOKING Heroism.
 13046 | Lair:1   | Killed a lindwurm
 13048 | Lair:1   | Reached ***** piety under Okawaru
 13261 | Lair:1   | Reached skill level 6 in Invocations
 13488 | Lair:1   | 13488 ||| INVOKING Heroism.
 13743 | Lair:1   | 13743 ||| INVOKING Heroism.
 13759 | Lair:1   | Reached XP level 12. HP: 61/70 MP: 17/17
 13772 | Lair:1   | Received a gift from Okawaru
 14206 | Lair:1   | 14206 ||| READING scroll labelled XIHUON VEM OGRESH.
 14207 | Lair:1   | 14207 ||| READING 2 scrolls of identify.
 14207 | Lair:1   | 14207 ||| IDENTIFYING yellow potion
 14208 | Lair:1   | 14208 ||| DROPPING potion of ambrosia.
 14347 | Lair:2   | 14347 ||| Stepping ~*~*~tactically~*~*~ (stealth).
 14349 | Lair:2   | 14349 ||| Stepping ~*~*~tactically~*~*~ (stealth).
 14351 | Lair:2   | 14351 ||| Stepping ~*~*~tactically~*~*~ (stealth).
 14353 | Lair:2   | 14353 ||| Stepping ~*~*~tactically~*~*~ (stealth).
 14356 | Lair:2   | 14356 ||| Stepping ~*~*~tactically~*~*~ (stealth).
 14357 | Lair:2   | 14357 ||| Stepping ~*~*~tactically~*~*~ (stealth).
 14358 | Lair:2   | 14358 ||| Stepping ~*~*~tactically~*~*~ (stealth).
 14361 | Lair:2   | 14361 ||| Stepping ~*~*~tactically~*~*~ (stealth).
 14374 | Lair:2   | 14374 ||| INVOKING Heroism.
 14554 | Lair:2   | Received a gift from Okawaru
 14614 | Lair:2   | 14614 ||| Stepping ~*~*~tactically~*~*~ (hiding).
 14615 | Lair:2   | 14615 ||| Stepping ~*~*~tactically~*~*~ (hiding).
 14616 | Lair:2   | 14616 ||| Stepping ~*~*~tactically~*~*~ (hiding).
 14732 | Lair:2   | 14732 ||| Stepping ~*~*~tactically~*~*~ (hiding).
 14776 | Lair:2   | 14776 ||| INVOKING Heroism.
 14883 | Lair:2   | Found a hole to the Spider Nest.
 14976 | Lair:2   | 14976 ||| Stepping ~*~*~tactically~*~*~ (stealth).
 14979 | Lair:2   | 14979 ||| INVOKING Heroism.
 14983 | Lair:2   | Reached skill level 3 in Throwing
 15300 | Lair:3   | Noticed a seven-headed hydra
 15301 | Lair:3   | 15301 ||| INVOKING Heroism.
 15302 | Lair:3   | 15302 ||| INVOKING Finesse.
 15303 | Lair:3   | 15303 ||| SWAPPING to +0 flail.
 15310 | Lair:3   | Killed a seven-headed hydra
 15310 | Lair:3   | Received a gift from Okawaru
 15311 | Lair:3   | 15311 ||| SWAPPING to +1 war axe of chaos.
 15373 | Lair:3   | 15373 ||| Stepping ~*~*~tactically~*~*~ (stealth).
 15375 | Lair:3   | 15375 ||| Stepping ~*~*~tactically~*~*~ (hiding).
 15383 | Lair:3   | 15383 ||| INVOKING Heroism.
 15971 | Lair:3   | 15971 ||| INVOKING Heroism.
 15976 | Lair:3   | HP: 15/70 [poisoned by a black mamba]
 15981 | Lair:3   | HP: 7/70 [poisoned by a black mamba]
 16266 | Lair:3   | 16266 ||| FLEEEEING.
 16267 | Lair:3   | 16267 ||| FLEEEEING.
 16268 | Lair:3   | 16268 ||| FLEEEEING.
 16269 | Lair:3   | 16269 ||| INVOKING Heroism.
 16581 | Lair:3   | Found a staircase to the Shoals.
 16582 | Lair:3   | 16582 ||| Stepping ~*~*~tactically~*~*~ (hiding).
 16597 | Lair:3   | HP: 10/70 [something (9)]
 16598 | Lair:3   | Slain by a snapping turtle

Levels and vault maps discovered:
D:1:      psy_arrival_radial02, layout_loops_ring,
          shapermc_ecumenical_altar_hornbeckon, minmay_misc_feat_more_columns,
          hangedman_abyss_or_decor_lesser_grid
D:2:      layout_loops_corners, basic_altar, uniq_robin, uniq_jessica,
          uniq_terence
D:3:      layout_basic, st_stairs_4
D:4:      layout_cave_pools, mainiacjoe_overflow_brackets,
          cheibrodos_sewer_entry_bend, minmay_misc_feat_roman
D:5:      layout_loops_ring, minmay_misc_feat_square, grunt_decor_cap,
          uniq_crazy_yiuf_cottage
D:6:      layout_loops_ring, dreamdust_princess_corridor
D:7:      layout_rooms, minmay_temple_entry_overgrown, uniq_duvessa
D:8:      layout_layer_cave, amcnicky_altar_gilded, uniq_maggie, uniq_joseph,
          uniq_gastronok
D:9:      layout_rooms, nicolae_wu_jian_immortal_techniques, hiddenorc1_lemuel,
          uniq_grum
D:10:     layout_stronghold, mainiacjoe_overflow_six_doors_small,
          mainiacjoe_overflow_cross_hatched, kennysheep_mini, dpeg_oklobed_lair,
          serial_shops, shop, nicolae_shop_temple_entry_statues_fountains,
          nicolae_stop_n_shop_2
Temple:   eino_temple_rhombus
Lair:1:   layout_layer_cave, nicolae_lair_lindhole, grunt_megastairs_5,
          infiniplex_staircase_pool_2
Lair:2:   layout_concentric_octagons, hellmonk_spider_entry_life_and_decay,
          st_stairs_13
Lair:3:   layout_gridlike, minmay_shoals_entry_hut, serial_bayou_shore_b

Skill      XL: |  1  2  3  4  5  6  7  8  9 10 11 12 |
---------------+-------------------------------------+-----
Axes           | 3 4 5 6 7 8 10 12 13 | 13.3
Armour         | 2 13 | 13.5
Shields        | 1 2 3 4 |  4.0
Fighting       | 3 4 5 6 |  6.0
Invocations    | 4 6 8 |  8.4
Throwing       | 2 3 |  3.8
Dodging        | 3 4 |  4.0
Spellcasting   | |  2.0
Translocations | |  2.4

Action                   |  1- 3 |  4- 6 |  7- 9 | 10-12 || total
-------------------------+-------+-------+-------+-------++-------
Melee: Hand axe          |    80 |   116 |    87 |       ||   283
       Peck              |     8 |    24 |    28 |    92 ||   152
       Kick              |    16 |    36 |    28 |   131 ||   211
       War axe           |       |       |    71 |   381 ||   452
       Flail             |       |       |       |     5 ||     5
Throw: Boomerang         |     7 |       |    21 |    53 ||    81
       Javelin           |       |       |       |    27 ||    27
Invok: Heroism           |       |       |       |    28 ||    28
       Finesse           |       |       |       |     1 ||     1
  Use: Scroll            |     4 |     7 |     9 |     8 ||    28
       Potion            |       |     3 |     5 |     4 ||    12
 Stab: Petrifying        |       |       |       |     2 ||     2
       Paralysed         |       |       |       |     1 ||     1
Armor: Leather armour    |    19 |       |       |       ||    19
       Scale mail        |    11 |       |       |       ||    11
       Plate armour      |       |    28 |    73 |   187 ||   288
Dodge: Dodged            |    42 |    14 |    45 |   143 ||   244
Block: Buckler           |       |     6 |    26 |    77 ||   109

Table legend:
 A = Non-vault XP
 B = Vault XP
 C = Vault XP percentage of total XP
 D = Non-vault monster count
 E = Vault monster count
 F = Vault count percentage of total count
                 A         B        C        D         E       F
            +---------+---------+-------+---------+---------+-------
      Total |   20682 |    5748 |  21.7 |     264 |      61 |  18.8
            +---------+---------+-------+---------+---------+-------
        D:1 |      44 |       0 |   0.0 |      31 |       0 |   0.0
        D:2 |      36 |     100 |  73.5 |      13 |       9 |  40.9
        D:3 |      67 |      56 |  45.5 |      18 |       3 |  14.3
        D:4 |     136 |      10 |   6.8 |      15 |       2 |  11.8
        D:5 |     492 |       0 |   0.0 |      25 |       0 |   0.0
        D:6 |     985 |       0 |   0.0 |      18 |       0 |   0.0
        D:7 |    1890 |     210 |  10.0 |      28 |       2 |   6.7
        D:8 |    1452 |    2571 |  63.9 |      27 |       5 |  15.6
        D:9 |    2923 |     385 |  11.6 |      26 |      18 |  40.9
       D:10 |    2010 |     572 |  22.2 |      17 |       1 |   5.6
     Lair:1 |    3288 |     831 |  20.2 |      13 |       2 |  13.3
     Lair:2 |    2597 |     806 |  23.7 |      15 |       3 |  16.7
     Lair:3 |    4762 |       0 |   0.0 |      18 |       0 |   0.0
      Sewer |       0 |     207 | 100.0 |       0 |      16 | 100.0
            +---------+---------+-------+---------+---------+-------
